 Dungeon Crawl Stone Soup version 0.28.0-45-g0d030f2227 (webtiles) character file.

Game seed: 10447083853671150372

1577 MalarOregon the Skirmisher (level 8, -6/63 (68) HPs)
             Began as a Palentonga Fighter on Apr 20, 2022.
             Was a Follower of Qazlal.
             Mangled by a wight
             ... wielding a +0 great sword
              (11 damage)
             ... on level 6 of the Dungeon.
             The game lasted 00:10:21 (4689 turns).

MalarOregon the Skirmisher (Palentonga Fighter)     Turns: 4689, Time: 00:10:22

HP:   -6/63 (68)    AC: 18    Str: 20    XL:     8   Next: 60%
MP:   8/8           EV:  7    Int: 11    God:    Qazlal [*.....]
Gold: 248           SH:  7    Dex: 15    Spells: 7/7 levels left

rFire   . . .      SeeInvis +   a - +0 flail (drain)
rCold   . . .      Faith    .   c - +0 buckler
rNeg    . . .      Spirit   .   n - +0 plate armour
rPois   .          Reflect  .   i - +0 helmet
rElec   .          Harm     .   (no cloak)
rCorr   .          Rampage  .   (no gloves)
Will    .....                   (no barding)
Stlth   ..........              e - amulet of regeneration
HPRegen 1.00/turn               m - +6 ring of dexterity
MPRegen 0.11/turn               q - +4 ring of evasion

@: drained, curled up
A: large, rugged brown scales 3, see invisible, deformed body, roll 1, armoured
tail, reflexive curl
a: Rolling Charge, Renounce Religion


You were on level 6 of the Dungeon.
You worshipped Qazlal.
Qazlal was aware of your devotion.
You visited 2 branches of the dungeon, and saw 7 of its levels.

You collected 248 gold pieces.


Innate Abilities, Weirdness & Mutations

You are completely covered in rugged brown scales. (AC +3, +7% HP)
You have supernaturally acute eyesight. (SInv)
Armour fits poorly on your strangely shaped body.
You can roll at nearby foes to attack.
You have a long armoured tail.
You curl defensively after being hit. (AC +7*)


   Skills:
 + Level 6.2 Fighting
 + Level 5.7 Maces & Flails
 + Level 5.1 Armour
 + Level 5.1 Shields


You had 7 spell levels left.
You didn't know any spells.
Your spell library contained the following spells:

 Spells                   Type           Power      Damage    Failure   Level
 Ensorcelled Hibernation  Hex/Ice        0%         N/A       100%        2
 Passwall                 Tmut/Erth      0%         N/A       100%        2
 Swiftness                Air            0%         N/A       100%        3

Inventory:

Hand Weapons
 a - a +0 flail of draining (weapon)
   (You took it off an orc on level 3 of the Dungeon)
 b - a +2 dagger of venom
   (You took it off an orc on level 3 of the Dungeon)
Armour
 c - a +0 buckler (worn)
 i - a +0 helmet (worn)
   (You found it on level 1 of the Dungeon)
 n - a +0 plate armour (worn)
   (You found it on level 5 of the Dungeon)
Jewellery
 e - an amulet of regeneration (around neck)
   (You found it on level 4 of the Dungeon)
 f - a ring of fire
   (You found it on level 1 of the Dungeon)
 m - a +6 ring of dexterity (left hand)
   (You found it on level 3 of the Dungeon)
 o - a ring of protection from cold
   (You found it on level 3 of the Dungeon)
 q - a +4 ring of evasion (right hand)
   (You found it on level 4 of the Dungeon)
 w - a ring of poison resistance
   (You found it on level 5 of the Dungeon)
Wands
 x - a wand of acid (2)
   (You took it off Ijyb on level 3 of the Dungeon)
Scrolls
 g - 2 scrolls of identify {@r1}
 l - a scroll of amnesia
 t - a scroll of summoning
 u - a scroll of enchant armour
Potions
 d - a potion of attraction {!q}
 h - a potion of heal wounds {unknown}
 p - a potion of cancellation {unknown}
 v - 3 potions of curing {@q1}

Dungeon Overview and Level Annotations

Branches:
Dungeon (6/15)             Temple (1/1) D:4

Altars:
Ashenzari
Cheibriados
Dithmenos
Fedhas
Gozag
Kikubaaqudgha
Nemelex Xobeh
Qazlal
Ru
Sif Muna
Trog
Vehumet
Wu Jian
Xom

.......##.......
##.......####...## #.##
#..............## ####
##..###.........###...#
##..## #...##.........
#....# ##....##
#..#........# #...##.##
#......####..#........#
#####....
##...............ยง...#
###..
##.............@....#.
#.##.
#.....#.......z......#
#...#
##...####.........#..#
#.... ##### #..#......##
# #####...
##..#..##..#### #.......
#.......)...... .#.......
#...####.#...............
#.... ##..........#....
#.... .........###...


You could see a wight.


Message History

Your kobold's corpse dissolves into shadows!
You block the komodo dragon's attack. The acid dragon bites your white imp!
Your white imp dies!
Your white imp dissolves into shadows!
The acid dragon roars!
The wight is attracted toward you. x2; The gnoll is attracted toward you.
You completely miss the komodo dragon.
Your kobold hits the komodo dragon but does no damage.
You block the orc's attack. You block the komodo dragon's attack.
Your kobold hits the komodo dragon but does no damage.
As you read the scroll labelled SOCRAGGOAMUO, it crumbles to dust.
It is a scroll of brand weapon.
Your +0 flail of protection craves living souls!
a - a +0 flail of draining (weapon)
You block the orc's attack.
The komodo dragon bites you but does no damage.
Your kobold completely misses the komodo dragon.
As you read the scroll labelled SOIVOY DANIYCI, it crumbles to dust.
You feel strangely unstable.
It was a scroll of teleportation.
An orc comes into view. It is wielding a +0 short sword.
The orc barely misses you. The komodo dragon barely misses you.
Your kobold barely misses the komodo dragon.
The orc is attracted toward you.
Unknown command.
Found a scroll labelled SECOON JUGG.
Found a stone staircase leading down.
The komodo dragon bites you!!
* * * LOW HITPOINT WARNING * * *
Your kobold hits the komodo dragon with a +0 club.
Your surroundings suddenly seem different.
You are no longer corroded.
You start resting.
You feel less attractive to monsters.
A jelly is nearby!
The jelly quivers.
You thump the jelly! You drain the jelly.
Your hands burn!
The jelly barely misses you.
You sock the jelly!
You kill the jelly!
Qazlal accepts your kill.
Your Armour skill increases to level 5!
Your Shields skill increases to level 5!
You start resting.
Found a stone staircase leading up.
A wight comes into view. It is wielding a +1 falchion.
A wight comes into view. It is wielding a +0 great sword.
You hit the wight.
Your tail-slap misses the wight.
The wight hits you but does no damage.
You thump the wight! The wight closely misses you.
You hit the wight.
You destroy the wight!
Qazlal accepts your kill.
You hit the wight. You block the wight's attack.
You hit the wight. The wight hits you with a +1 flail!
You feel drained.
You hit the wight but do no damage. You block the wight's attack. x2
You barely miss the wight.
Your tail-slap misses the wight.
You block the wight's attack.
The wight hits you with a +0 great sword.
You feel drained.
You closely miss the wight. You tail-slap the wight.
You destroy the wight!
Qazlal accepts your kill. The wight barely misses you. x2
You hit the wight but do no damage. You tail-slap the wight.
You block the wight's attack. The wight hits you with a +0 scimitar!
You hit the wight. The wight completely misses you.
You block the wight's attack. x2
You hit the wight. You block the wight's attack.
The wight hits you with a +0 great sword!
You hit the wight.
You tail-slap the wight, but do no damage.
The wight hits you with a +0 scimitar.
* * * LOW HITPOINT WARNING * * *
The wight hits you with a +0 great sword!
* * * LOW HITPOINT WARNING * * *
There is a stone staircase leading up here.
You closely miss the wight. You tail-slap the wight.
You destroy the wight!
Qazlal accepts your kill.
You sock the wight! The wight barely misses you.
You closely miss the wight.
Your tail-slap misses the wight.
The wight hits you with a +0 great sword.
* * * LOW HITPOINT WARNING * * *
You feel drained.
* * * LOW HITPOINT WARNING * * *
You hit the wight. The wight barely misses you.
You hit the wight. You block the wight's attack.
You hit the wight.
Your tail-slap misses the wight.
The wight hits you with a +0 great sword!
* * * LOW HITPOINT WARNING * * *
You feel drained.
* * * LOW HITPOINT WARNING * * *
You hit the wight. The wight closely misses you. The wight barely misses you.
You hit the wight but do no damage.
The wight hits you with a +0 great sword!
* * * LOW HITPOINT WARNING * * *
You closely miss the wight.
The wight hits you with a +0 great sword!
You die...

Skill      XL: |  1  2  3  4  5  6  7  8 |
---------------+-------------------------+-----
Armour         | 3 4 5 |  5.1
Shields        | 3 4 5 |  5.1
Maces & Flails | 3 4 5 |  5.7
Fighting       | 4 5 6 |  6.2

Action                   |  1- 3 |  4- 6 |  7- 9 || total
-------------------------+-------+-------+-------++-------
Melee: Flail             |    99 |   146 |   141 ||   386
       Tailslap          |     9 |    21 |    28 ||    58
 Abil: Rolling Charge    |     1 |     1 |     7 ||     9
Evoke: Wand              |       |     1 |       ||     1
  Use: Potion            |     2 |       |     1 ||     3
       Scroll            |       |       |     5 ||     5
Armor: Scale mail        |    56 |       |       ||    56
       Chain mail        |    10 |    95 |    71 ||   176
       Plate armour      |       |       |    45 ||    45
Dodge: Dodged            |    37 |    62 |    87 ||   186
Block: Buckler           |    17 |    33 |    62 ||   112

Levels and vault maps discovered:
D:1:      lightli_arrival_windingriver, layout_loops_ring,
          chequers_serial_rivers_micro_d
D:2:      layout_rooms, basic_altar
D:3:      layout_basic, cheibriados_altar_1,
          shapermc_ecumenical_altar_mp_vishouse, uniq_ijyb
D:4:      layout_basic, minmay_temple_entry_tees, uniq_blork_the_orc
D:5:      layout_rooms, fedhas_altar_4, mainiacjoe_overflow_catch_the_wave,
          abandoned_shop
D:6:      layout_cave_pools, gammafunk_temple_overflow_statue,
          kennysheep_generic_room_14
Temple:   eino_temple_lava

Notes
Turn   | Place    | Note
-------+----------+-------------------------------------------
     0 | D:1      | MalarOregon the Palentonga Fighter began the quest for the
                  | Orb.
     0 | D:1      | Reached XP level 1. HP: 19/19 MP: 1/1
   299 | D:1      | Reached XP level 2. HP: 25/25 MP: 2/2
   656 | D:1      | HP: 6/25 [poisoned by a goblin]
   657 | D:1      | HP: 2/25 [poisoned by a goblin]
   944 | D:2      | Reached XP level 3. HP: 30/31 MP: 3/3
  1013 | D:2      | You pick up a book of Burglary and begin reading...
  1013 | D:2      | You add the spells Passwall, Ensorcelled Hibernation and
                  | Swiftness to your library.
  1136 | D:2      | Found a sparkling altar of Nemelex Xobeh.
  1442 | D:3      | Found a snail-covered altar of Cheibriados.
  1588 | D:3      | Noticed Ijyb
  1610 | D:3      | Killed Ijyb
  1611 | D:3      | Reached XP level 4. HP: 37/37 MP: 4/4
  1934 | D:3      | Found a faded altar of an unknown god.
  2023 | D:3      | Reached skill level 3 in Armour
  2030 | D:3      | Reached skill level 3 in Shields
  2179 | D:3      | HP: 7/39 [iguana (7)]
  2181 | D:3      | Reached skill level 3 in Maces & Flails
  2761 | D:4      | Noticed Blork the orc
  2774 | D:4      | Killed Blork the orc
  2775 | D:4      | Reached skill level 4 in Fighting
  2775 | D:4      | Reached XP level 5. HP: 21/44 MP: 5/5
  2938 | D:4      | Identified the +1 robe of the Echidna {Rampage}
  3149 | D:4      | Found a staircase to the Ecumenical Temple.
  3160 | Temple   | Entered the Ecumenical Temple
  3250 | Temple   | Became a worshipper of Qazlal Stormbringer
  3287 | D:4      | Noticed an ogre
  3295 | D:4      | Killed an ogre
  3296 | D:4      | Reached XP level 6. HP: 52/52 MP: 6/6
  3550 | D:4      | Reached skill level 4 in Maces & Flails
  3567 | D:5      | Entered Level 5 of the Dungeon
  3606 | D:5      | Found a bloodstained altar of Trog.
  3629 | D:5      | Gained mutation: You curl defensively after being hit. (AC
                  | +7*) [Palentonga growth]
  3629 | D:5      | Reached XP level 7. HP: 49/58 MP: 7/7
  3656 | D:5      | Found a sparkling altar of Nemelex Xobeh.
  3690 | D:5      | Reached skill level 4 in Armour
  3690 | D:5      | Reached skill level 4 in Shields
  3749 | D:5      | Reached skill level 5 in Fighting
  3857 | D:5      | Reached * piety under Qazlal
  4217 | D:5      | Found a blossoming altar of Fedhas.
  4372 | D:6      | Reached skill level 5 in Maces & Flails
  4372 | D:6      | Reached XP level 8. HP: 55/67 MP: 8/8
  4546 | D:6      | Reached skill level 6 in Fighting
  4567 | D:6      | Noticed a komodo dragon
  4580 | D:6      | HP: 4/68 [komodo dragon (23)]
  4637 | D:6      | Reached skill level 5 in Armour
  4637 | D:6      | Reached skill level 5 in Shields
  4686 | D:6      | HP: 14/65 [wight/+0 great sword (8)]
  4688 | D:6      | HP: 4/63 [wight/+0 great sword (9)]
  4689 | D:6      | Mangled by a wight

Vanquished Creatures
  An ice beast (D:6)
  A hornet zombie (D:4)
  2 necrophages
  2 ogres
  A centaur (D:5)
  A phantom (D:6)
  A scorpion (D:6)
  Blork the orc (D:4)
  A wyvern skeleton (D:5)
  6 wights (D:6)
  A centaur zombie (D:5)
  A bullfrog zombie (D:5)
  A hound (D:5)
  5 jellies
  An iguana (D:3)
  Ijyb (D:3)
  A hound skeleton (D:5)
  7 adders
  A shadow imp (D:6)
  A white imp (D:6)
  An ufetubus (D:6)
  2 worms
  3 dart slugs
  8 orcs
  4 ball pythons (D:3)
  8 endoplasms
  2 giant cockroaches
  8 goblins
  6 hobgoblins
  4 jackals (D:3)
  3 quokkas
  9 bats
  2 frilled lizards
  5 kobolds
  3 rats
105 creatures vanquished.

Table legend:
 A = Non-vault XP
 B = Vault XP
 C = Vault XP percentage of total XP
 D = Non-vault monster count
 E = Vault monster count
 F = Vault count percentage of total count
                 A         B        C        D         E       F
            +---------+---------+-------+---------+---------+-------
      Total |    2130 |     123 |   5.5 |     103 |       2 |   1.9
            +---------+---------+-------+---------+---------+-------
        D:1 |      40 |       0 |   0.0 |      23 |       0 |   0.0
        D:2 |      14 |       0 |   0.0 |       8 |       0 |   0.0
        D:3 |     105 |      36 |  25.5 |      26 |       1 |   3.7
        D:4 |     372 |      87 |  19.0 |      14 |       1 |   6.7
        D:5 |     682 |       0 |   0.0 |      17 |       0 |   0.0
        D:6 |     917 |       0 |   0.0 |      15 |       0 |   0.0
            +---------+---------+-------+---------+---------+-------

Illustrated notes

Table legend:
 A = Kills in this place as a percentage of kills in entire the game.
 B = Kills by you in this place as a percentage of kills by you in the entire game.
 C = Kills by friends in this place as a percentage of kills by friends in the entire game.
 D = Other kills in this place as a percentage of other kills in the entire game.
 E = Experience gained in this place as a percentage of experience gained in the entire game.
 F = Experience gained in this place divided by the number of levels of this place that you have seen.
                   A       B       C       D       E      F
               +-------+-------+-------+-------+-------+----------------------
         Total | 100.0 | 100.0 |   N/A |   N/A | 100.0 | 321.9
       Dungeon | 100.0 | 100.0 |   N/A |   N/A | 100.0 | 375.5
               +-------+-------+-------+-------+-------+----------------------

Table legend: (Time is in decaauts)
 A = Elapsed time spent in this place.
 B = Non-inter-level travel time spent in this place.
 C = Inter-level travel time spent in this place.
 D = Time resting spent in this place.
 E = Time spent auto-exploring this place.
 F = Levels seen in this place.
 G = Mean time per level.
                   A        B        C        D        E       F      G
               +--------+--------+--------+--------+--------+-----+--------+
         Total |   4787 |   4661 |    126 |    477 |   3142 |   7 |  683.9 |
       Dungeon |   4689 |   4569 |    120 |    477 |   3069 |   6 |  781.5 |
        Temple |     97 |     91 |      6 |      0 |     73 |   1 |   97.0 |
               +--------+--------+--------+--------+--------+-----+--------+

Top non-repeatable levels by time:
     D:3: 1336 daAuts
     D:1: 959 daAuts
     D:5: 805 daAuts
     D:4: 727 daAuts
     D:2: 515 daAuts
     D:6: 345 daAuts
  Temple: 97 daAuts
